[ AOE2 MATCH · #506754625 ]
UnrankedMongols vs Gurjaras
Player's team · WIN
Rival team · LOSS
[ REPLAY ANALYSIS · EXTRACTED FROM THE RECORDED GAME ]
Feudal
10:43
Castle
—
Imperial
—
| APM avg | 27.3 |
| APM peak | 54 |
| eAPM avg | 15.0 |
| Villagers / military | 24 / 9 |
Focus
⚔️ 15.8% · 🌾 84.2%
Militia ×5 · Archer ×2 · Skirmisher ×2
Feudal
10:41
Castle
—
Imperial
—
| APM avg | 73.0 |
| APM peak | 94 |
| eAPM avg | 24.2 |
| Villagers / military | 26 / 2 |
Focus
⚔️ 17.1% · 🌾 82.9%
Archer ×1 · Skirmisher ×1
Match map
Initial resources + every placement click. Lines = walls · curves = elevation contours. ◆ gold · ⬟ stone · ● berries · ✦ relic · ◌ wall gap
Your base· Open — unwalled flank
topito's base· Open — unwalled flank
Smoothed initial terrain · ◌ = detected wall gap · hover for details
Inputs per minute
— CapoT - - topito
Build order — CapoT
55 actions detected in the replay
| 0:01 | Queue | Villager (Male) |
| 0:01 | Queue | Villager (Male) |
| 0:02 | Build | House |
| 0:04 | Build | House |
| 0:29 | Queue | Villager (Male) |
| 0:29 | Queue | Villager (Male) |
| 1:33 | Queue | Villager (Male) |
| 1:56 | Build | Lumber Camp |
| 2:02 | Queue | Villager (Male) |
| 2:02 | Queue | Villager (Male) |
| 2:23 | Queue | Villager (Male) |
| 3:00 | Queue | Villager (Male) |
| 3:00 | Queue | Villager (Male) |
| 3:06 | Queue | Villager (Male) |
| 4:07 | Build | House |
| 4:30 | Queue | Villager (Male) |
| 4:37 | Build | Barracks |
| 4:59 | Queue | Villager (Male) |
| 5:16 | Build | House |
| 5:19 | Queue | Villager (Male) |
| 5:30 | Queue | Militia |
| 5:31 | Queue | Militia |
| 5:35 | Build | House |
| 5:39 | Queue | Villager (Male) |
| 6:05 | Queue | Militia |
| 6:07 | Queue | Villager (Male) |
| 6:22 | Queue | Villager (Male) |
| 6:46 | Queue | Villager (Male) |
| 6:54 | Build | Mill |
| 7:25 | Queue | Villager (Male) |
| 7:30 | Queue | Villager (Male) |
| 7:30 | Research | Loom |
| 7:38 | Build | Mining Camp |
| 8:31 | Queue | Villager (Male) |
| 8:33 | Research | Feudal Age |
| 8:46 | Build | Farm |
| 8:47 | Build | Farm |
| 8:49 | Build | Farm |
| 9:18 | Queue | Militia |
| 9:18 | Queue | Militia |
| 9:43 | Build | House |
| 10:43 | Age | Feudal Age |
| 10:47 | Research | Man-at-Arms (upgrade) |
| 10:49 | Research | Double-Bit Axe |
| 10:50 | Queue | Villager (Male) |
| 10:52 | Build | Archery Range |
| 10:54 | Build | Archery Range |
| 11:01 | Queue | Villager (Male) |
| 11:44 | Queue | Skirmisher |
| 11:51 | Queue | Skirmisher |
| 11:55 | Build | Farm |
| 11:56 | Build | Farm |
| 11:57 | Queue | Villager (Male) |
| 12:02 | Queue | Archer |
| 12:03 | Queue | Archer |
Build order — topito
49 actions detected in the replay
| 0:04 | Queue | Villager (Male) |
| 0:04 | Queue | Villager (Male) |
| 0:04 | Queue | Villager (Male) |
| 0:04 | Queue | Villager (Male) |
| 0:05 | Queue | Villager (Male) |
| 0:06 | Build | House |
| 0:07 | Build | House |
| 1:31 | Queue | Villager (Male) |
| 1:31 | Queue | Villager (Male) |
| 2:04 | Queue | Villager (Male) |
| 2:04 | Queue | Villager (Male) |
| 2:18 | Queue | Villager (Male) |
| 2:21 | Build | Lumber Camp |
| 2:49 | Queue | Villager (Male) |
| 2:49 | Queue | Villager (Male) |
| 3:19 | Queue | Villager (Male) |
| 3:53 | Queue | Villager (Male) |
| 4:12 | Queue | Villager (Male) |
| 4:32 | Queue | Villager (Male) |
| 4:49 | Build | House |
| 5:04 | Queue | Villager (Male) |
| 5:04 | Queue | Villager (Male) |
| 5:21 | Build | House |
| 5:27 | Queue | Villager (Male) |
| 5:46 | Queue | Villager (Male) |
| 6:12 | Queue | Villager (Male) |
| 6:37 | Research | Loom |
| 6:40 | Build | Mill |
| 7:02 | Queue | Villager (Male) |
| 7:28 | Queue | Villager (Male) |
| 8:00 | Queue | Villager (Male) |
| 8:16 | Build | House |
| 8:20 | Build | Palisade Wall |
| 8:24 | Build | Palisade Wall |
| 8:31 | Research | Feudal Age |
| 9:34 | Build | Mining Camp |
| 9:43 | Build | House |
| 9:54 | Build | House |
| 9:56 | Build | House |
| 10:41 | Age | Feudal Age |
| 10:44 | Queue | Villager (Male) |
| 10:45 | Queue | Villager (Male) |
| 10:48 | Build | Barracks |
| 10:56 | Research | Double-Bit Axe |
| 10:56 | Research | Double-Bit Axe |
| 11:44 | Build | Archery Range |
| 12:10 | Build | Lumber Camp |
| 12:18 | Queue | Archer |
| 12:18 | Queue | Skirmisher |
Match timeline
| 4:37 | CapoT · first_building Barracks |
| 8:20 | topito · wall_segment Palisade Wall x1 |
| 8:24 | topito · wall_segment Palisade Wall x1 |
| 10:41 | topito · age_up feudal |
| 10:43 | CapoT · age_up feudal |
| 10:48 | topito · first_building Barracks |
| 10:52 | CapoT · first_building Archery Range |
| 11:44 | topito · first_building Archery Range |
| 12:35 | topito · resign |
[ AI ANALYSIS · 1 CREDIT ]
What really happened in this match?
Wolo.gg analyzes every decision: build order, eco, micro, common mistakes by bracket. Personalized analysis on WhatsApp or Discord in 30 seconds.
Civ guide
Mongols
Perfil
Jugador #4211768